 Dungeon Crawl Stone Soup version 0.27.1-35-g4d5d836560 (webtiles) character file.

Game seed: 17378516221072564806

9 Delamore the Sneak (level 2, 0/20 HPs)
             Began as an Octopode Brigand on June 8, 2022.
             Slain by a gnoll (3 damage)
             ... on level 1 of the Dungeon.
             The game lasted 00:00:21 (246 turns).

Delamore the Sneak (Octopode Brigand)                Turns: 246, Time: 00:00:21

Health: 0/20       AC:  1    Str: 10    XL:     2   Next: 12%
Magic:  2/2        EV: 13    Int: 13    God:
Gold:   18         SH:  0    Dex: 13    Spells: 1/1 levels left

rFire    . . .     SeeInvis .   a - +2 dagger
rCold    . . .     Faith    .   (no shield)
rNeg     . . .     Spirit   .   (helmet restricted)
rPois    .         Reflect  .   (no amulet)
rElec    .         Harm     .   (no ring)
rCorr    .         Rampage  .   (no ring)
Will     .....                  (no ring)
Stlth    ++++......             (no ring)
HPRegen  0.06/turn              (no ring)
MPRegen  0.08/turn              (no ring)
                                (no ring)
                                (no ring)

@: no status effects
A: almost no armour, amphibious, 8 rings, camouflage 1, gelatinous body 1,
(nimble swimmer 1), tentacles
a: no special abilities


You were on level 1 of the Dungeon.
You visited 1 branch of the dungeon, and saw 1 of its levels.

You collected 18 gold pieces.

Inventory:

Hand Weapons
 a - a +2 dagger (weapon)
Missiles
 b - 8 poisoned darts
 c - a curare-tipped dart (quivered)
 f - 3 stones
Scrolls
 d - a scroll of silence {unknown}
 e - a scroll of noise {unknown}


   Skills:
 + Level 2.3 Fighting
 - Level 2.0 Short Blades
 + Level 2.3 Throwing
 + Level 1.2 Dodging
 - Level 5.3 Stealth


You had one spell level left.
You didn't know any spells.
Your spell library was empty.

Dungeon Overview and Level Annotations

Branches:
Dungeon (1/15)

Altars:

Shops:
D:1 [


Innate Abilities, Weirdness & Mutations

You cannot wear most types of armour.
You are amphibious.
You can wear up to eight rings at the same time.
Your skin changes colour to match your surroundings (Stealth+).
Your rubbery body absorbs attacks. (AC +1, EV +1)
((You are camouflaged near water. (Stealth+)))
You have tentacles for arms and can constrict up to eight enemies at once.


Message History

Found Batud's Antique Armour Boutique.
The kobold shouts!
You hear a shout!
You hear an angry hiss.
The kobold closely misses you.
You closely miss the kobold. Your grab misses the kobold.
You squeeze the kobold.
You kill the kobold!
A ball python comes into view.
You have reached level 2!
Things that are here:
a +0 dagger; a kobold corpse The ball python bites you.
The ball python barely misses you.
You closely miss the ball python. You grab the ball python.
You constrict the ball python. The ball python bites you.
The ball python grabs you. The ball python constricts you.
You barely miss the ball python.
The ball python is moderately wounded.
You constrict the ball python. The ball python bites you.
The ball python constricts you.
A gnoll comes into view. It is wielding a +0 spear of flaming.
You hit the ball python.
You kill the ball python!
The gnoll barely misses you.
The gnoll hits you with a +0 spear of flaming!
* * * LOW HITPOINT WARNING * * *
The gnoll burns you.
* * * LOW HITPOINT WARNING * * *
Things that are here:
a +0 dagger; a kobold corpse You are too injured to fight recklessly!
You are too injured to fight recklessly!
You are too injured to fight recklessly!
A gnoll is nearby!
A gnoll is nearby!
Throw: 2 darts (curare)
Press: ? - help, Q - select action, (/) - cycle Shift-Dir - straight line, f - gnoll
Aim: a gnoll, wielding a +0 spear of flaming (63% to hit)
You throw a curare-tipped dart.
The curare-tipped dart barely misses the gnoll.
The gnoll hits you with a +0 spear of flaming.
You die...

#..# #..#
#..# #..#
###..#######
#...†......#
#..####... #
#.......#
#.##@####...
.#.
#.##g#####.#
##...
#...........
#...#
###..#######
##....
#..#######
#...$
#....∩....
...
#..#######
#.# #.(# #.#
#..#### #.#


You could see a gnoll.

Vanquished Creatures
  A dart slug (D:1)
  A ball python (D:1)
  A goblin (D:1)
  2 kobolds (D:1)
  A rat (D:1)
6 creatures vanquished.

Notes
Turn   | Place    | Note
-------+----------+-------------------------------------------
     0 | D:1      | Delamore the Octopode Brigand began the quest for the Orb.
     0 | D:1      | Reached XP level 1. HP: 14/14 MP: 1/1
   231 | D:1      | Found Batud's Antique Armour Boutique.
   238 | D:1      | Reached XP level 2. HP: 19/19 MP: 2/2
   246 | D:1      | Slain by a gnoll

Illustrated notes

Levels and vault maps discovered:
D:1:      mrwooster_arrival_arrow, layout_loops_ring, serial_shops, shop

Action                   || total
-------------------------++-------
Melee: Dagger            ||    11
       Constrict         ||     4
       Tentacles         ||     2
Throw: Dart              ||     1
Armor: Skin              ||     1
Dodge: Dodged            ||     8
